 Dungeon Crawl Stone Soup version 0.29-a0-1008-g949cc1d0fb (webtiles) character file.

Game seed: 2316592076608888292

18795 siradein the Cleaver (level 12, -4/77 HPs)
             Began as a Hill Orc Monk on Aug 8, 2022.
             Was an Elder of Qazlal.
             Slain by a juggernaut zombie (14 damage)
             ... on level 2 of the Abyss.
             The game lasted 00:40:54 (11003 turns).

siradein the Cleaver (Hill Orc Monk)               Turns: 11003, Time: 00:40:55

Health: -4/77      AC: 24    Str: 15      XL:     12   Next: 62%
Magic:  7/7        EV:  2    Int:  6      God:    Qazlal [****..]
Gold:   768        SH: 10    Dex:  7 (9)  Spells: 11/11 levels left

rFire   + + .      SeeInvis .   b - +0 war axe (antimagic)
rCold   + + .      Faith    .   M - +0 buckler
rNeg    . . .      Spirit   .   K - +1 crystal plate armour of the Rescuing Gods {rElec rPois rF+}
rPois   +          Reflect  .   s - +2 helmet
rElec   +          Harm     .   D - scarf {rC+ rF+}
rCorr   +          Rampage  .   S - +0 pair of gloves
Will    .....      Rage     9%  a - +0 pair of boots
Stlth   ..........              n - amulet of regeneration
HPRegen 0.00/turn               m - +4 ring of protection
MPRegen 0.10/turn               w - ring "Damnable Contraption" {rC+ rCorr MP+9}

@: on berserk cooldown, inhibited regen, slowed, repel missiles, unable to read,
unable to drink, very slow
A: evolution 1, [berserk 2], [clumsy 2], [deformed body], [deterioration 2],
[dopey 2], [frail 3], [low MP 3], [screaming 2], [inhibited regeneration],
([teleportitis 2]), [weak 2], [no potion heal 2], [subdued magic 3], [inability
to drink while threatened 2], [inability to read while threatened 2]
a: Renounce Religion, Upheaval, Elemental Force


You were on level 2 of the Abyss.
You worshipped Qazlal.
Qazlal was greatly pleased with you.
You visited 2 branches of the dungeon, and saw 12 of its levels.
You visited the Abyss 1 time.

You collected 768 gold pieces.

Inventory:

Hand Weapons
 b - a +0 antimagic war axe (weapon)
Missiles
 O - 6 throwing nets (quivered)
Armour
 a - a +0 pair of boots (worn)
 k - a +0 cloak
 s - a +2 helmet (worn)
 D - a scarf of resistance (worn)
 K - the +1 crystal plate armour of the Rescuing Gods (worn) {rElec rPois rF+}
   (You acquired it on level 8 of the Dungeon)

   rF:        It protects you from fire.
   rElec:     It insulates you from electricity.
   rPois:     It protects you from poison.
 M - a +0 buckler (worn)
 S - a +0 pair of gloves (worn)
Jewellery
 d - an amulet of magic regeneration
 m - a +4 ring of protection (left hand)
 n - an amulet of regeneration (around neck)
 o - a ring of flight
 w - the ring "Damnable Contraption" (right hand) {rC+ rCorr MP+9}
   (You found it on level 5 of the Dungeon)

   [ring of protection from cold]

   rC:        It protects you from cold.
   MP:        It affects your magic capacity (+9).
   rCorr:     It protects you from acid and corrosion.
 y - a ring of positive energy
 A - a ring of protection from cold
 B - a ring of resist corrosion
 F - a +6 ring of dexterity
 J - a ring of see invisible
Wands
 u - a wand of digging (3)
 E - a wand of paralysis (16)
 G - a wand of polymorph (5)
 H - a wand of iceblast (7)
Scrolls
 g - 2 scrolls of blinking {unknown}
 j - 2 scrolls of amnesia
 l - a scroll of poison
 r - a scroll of immolation {unknown}
 z - 2 scrolls of brand weapon
 C - 2 scrolls of silence
 N - 2 scrolls of fog {unknown}
Potions
 c - 2 potions of ambrosia
 f - 3 potions of berserk rage
 h - 3 potions of brilliance
 i - 2 potions of resistance
 p - 4 potions of magic
 q - 9 potions of curing
 t - 4 potions of heal wounds
 v - 2 potions of mutation
 x - 3 potions of lignification
 I - a potion of attraction {unknown}
 L - 2 potions of flight
Miscellaneous
 R - a box of beasts


   Skills:
 + Level 11.0 Fighting
 + Level 14.7 Axes
 + Level 9.5 Armour
 + Level 7.8 Dodging
 - Level 1.5 Stealth
 + Level 7.3 Shields
 + Level 6.9 Invocations


You had 11 spell levels left.
You didn't know any spells.
Your spell library contained the following spells:

 Spells                   Type           Power      Damage    Failure   Level
 Foxfire                  Conj/Fire      0%         2x1d4     100%        1
 Freeze                   Ice            0%         1d3       100%        1
 Shock                    Conj/Air       0%         1d3       100%        1
 Slow                     Hex            0%         N/A       100%        1
 Ensorcelled Hibernation  Hex/Ice        0%         N/A       100%        2
 Dazzling Flash           Conj/Hex       0%         N/A       100%        3
 Frozen Ramparts          Ice            0%         1d1       100%        3
 Spider Form              Tmut/Pois      0%         N/A       100%        3
 Swiftness                Air            0%         N/A       100%        3
 Airstrike                Air            0%         2d(0-16)  100%        4
 Anguish                  Hex/Necr       0%         N/A       100%        4
 Hailstorm                Conj/Ice       0%         3d3       100%        4
 Agony                    Necr           0%         N/A       100%        5
 Silence                  Hex/Air        0%         N/A       100%        5


Dungeon Overview and Level Annotations

Branches:
Dungeon (11/15)            Temple (1/1) D:7             Orc (0/2) D:10
   Lair: D:8-11

Altars:
Ashenzari
Cheibriados
Dithmenos
Elyvilon
Fedhas
Gozag
Hepliaklqana
Kikubaaqudgha
Makhleb
Nemelex Xobeh
Okawaru
Qazlal
Ru
Sif Muna
Trog
Uskayaw
Vehumet
Wu Jian
Xom
Yredelemnul
Zin
The Shining One

Shops:
D:5 *

Annotations:
D:9 2 runed translucent doors
D:10 2 transporters, testman's ghost, journeyman FoHu


Innate Abilities, Weirdness & Mutations

You have hidden genetic potential.
[You have an uncontrollable temper.]
[You are very clumsy. (Dex -4)]
[Armour fits poorly on your strangely shaped body.]
[Your body often deteriorates upon taking damage.]
[You are very dopey. (Int -4)]
[You are extremely frail. (-30% HP)]
[Your magical capacity is extremely low. (-30% MP)]
[You frequently scream uncontrollably at your foes.]
[You do not regenerate when monsters are visible.]
[((You are often teleported next to monsters.))]
[You are very weak. (Str -4)]
[Potions cannot restore your health.]
[Your spells are much easier to cast, but much less powerful.]
[You sometimes lose the ability to drink potions when taking damage.]
[You sometimes lose the ability to read scrolls when taking damage.]


Message History

A starspawn tentacle comes into view.
You hit the wretched star but do no damage.
The wretched star is heavily damaged.
The wretched star pulses with an eldritch light!
You occasionally lose the ability to drink potions when threatened.
You lose the ability to drink potions when threatened more often.
You occasionally lose the ability to read scrolls when threatened.
You lose the ability to read scrolls when threatened more often.
The wretched star pulses with an eldritch light!
You feel weirdly uncertain.
You feel even more weirdly uncertain.
You feel frail. x2
The wretched star glows turbulently.
The lance of force hits you!
You feel threatened and lose the ability to read scrolls!
You feel threatened and lose the ability to drink potions!
You are knocked back by the lance of force.
You slam into the stone wall!
* * * LOW HITPOINT WARNING * * *
Your body deteriorates!
You feel clumsy.
You cannot drink potions in your current state!
The wretched star glows turbulently.
The lance of force hits you.
* * * LOW HITPOINT WARNING * * *
You are knocked back by the lance of force.
You slam into the stone wall!
The wretched star pulses with an eldritch light!
Your connection to magic feels nearly dormant.
The wretched star pulses with an eldritch light!
You feel frail.
You can read scrolls again.
The wretched star glows turbulently.
The lance of force is repelled.
The wretched star pulses with an eldritch light!
You feel less energetic.
You feel stupid. x2
You can drink potions again.
The juggernaut zombie attacks as you move away!
The juggernaut zombie hits you!
You feel threatened and lose the ability to read scrolls!
You feel threatened and lose the ability to drink potions!
You die...

. .#..#... # #.#...
. .. ##...#.####
.p# #
..#.#...#.#.##p*†.#
......#.##.*.X#†# #
#......#X*.### .. .
.. .
#.....##...##...#
##§.#.#....... .#.#
.
#.##Z.##...#.###.#
.. #@#§##...#.# #.#
. #....#.....#.# #
# #.#####.###...#
## .###


You could see a tentacled starspawn and a juggernaut zombie.

Vanquished Creatures
  A green death (Abyss:2)
  Nergalle (D:11)
  A wretched star (Abyss:2)
  Pikel (D:8)
  A deep elf pyromancer (D:11)
  An ugly thing (D:11)
  A naga zombie (Abyss:2)
  2 gargoyles (D:10)
  Joseph (D:8)
  A rust devil (Abyss:2)
  An unseen horror (D:10)
  A kobold demonologist (D:11)
  A hellwing (Abyss:2)
  3 trolls
  Prince Ribbit (D:6)
  4 raiju (Abyss:2)
  4 wraiths
  A wyvern (D:11)
  2 fire elementals (D:11)
  26 yaks
  2 steam dragons (D:8)
  A neqoxec (Abyss:2)
  Grum (D:8)
  2 large abominations (Abyss:2)
  Duvessa (D:7)
  An acid dragon (D:9)
  A water moccasin (D:7)
  6 orc warriors
  2 sky beasts
  2 ice beasts
  2 small abominations (Abyss:2)
  4 wolves
  An ogre (D:4)
  7 centaurs
  3 lemures
  3 phantoms
  A kobold brigand (D:7)
  6 bullfrogs
  5 gnoll sergeants
  2 necrophages (D:5)
  2 scorpions
  8 wights
  Dowan (D:7)
  8 killer bees
  5 howler monkeys
  An electric eel (D:8)
  A quasit (Abyss:2)
  7 hounds
  2 jellies
  5 gnoll boudas
  9 orc priests
  An iron imp (Abyss:2)
  13 orc wizards
  2 iguanas
  45 gnolls
  11 adders
  An ufetubus (D:6)
  A dart slug (D:3)
  23 orcs
  5 bats
  2 endoplasms
  5 giant cockroaches
  4 goblins
  7 hobgoblins
  8 jackals
  16 kobolds
  5 quokkas
  6 ball pythons
  4 frilled lizards
  4 rats
320 creatures vanquished.

Vanquished Creatures (others)
  21 fungi
  8 plants
  2 starspawn tentacles (Abyss:2)
31 creatures vanquished.

Grand Total: 351 creatures vanquished

Notes
Turn   | Place    | Note
-------+----------+-------------------------------------------
     0 | D:1      | siradein the Hill Orc Monk began the quest for the Orb.
     0 | D:1      | Reached XP level 1. HP: 19/19 MP: 1/1
   116 | D:1      | Reached XP level 2. HP: 26/26 MP: 2/2
   323 | D:1      | Reached skill level 5 in Axes
   903 | D:1      | Found a faded altar of an unknown god.
  1159 | D:2      | Reached XP level 3. HP: 31/31 MP: 3/3
  1712 | D:3      | Reached skill level 6 in Axes
  1739 | D:3      | Reached XP level 4. HP: 23/39 MP: 4/4
  2108 | D:3      | Reached skill level 7 in Axes
  2381 | D:3      | Found a hide-covered altar of Uskayaw.
  2459 | D:3      | Found a glowing golden altar of the Shining One.
  2708 | D:4      | Noticed a phantom
  2748 | D:4      | Killed a phantom
  2749 | D:4      | Reached skill level 8 in Axes
  2749 | D:4      | Reached XP level 5. HP: 40/45 MP: 5/5
  2890 | D:4      | Noticed an ogre
  2924 | D:4      | Killed an ogre
  2925 | D:4      | Reached XP level 6. HP: 29/51 MP: 6/6
  3021 | D:4      | Reached skill level 9 in Axes
  3035 | D:4      | Found a bloodstained altar of Trog.
  3035 | D:4      | Noticed an orc warrior
  3357 | D:4      | Found a shimmering blue altar of Sif Muna.
  3364 | D:4      | Got Sif Muna's Volume of Cursed Kindling
  3643 | D:5      | Entered Level 5 of the Dungeon
  3730 | D:5      | Reached XP level 7. HP: 58/58 MP: 2/7
  3859 | D:5      | Reached skill level 10 in Axes
  3859 | D:5      | Reached skill level 1 in Armour
  4024 | D:5      | Found Zin's Purification Station.
  4025 | D:5      | Found a glowing silver altar of Zin.
  4197 | D:5      | Identified the ring "Damnable Contraption" {rC+ rCorr MP+9}
  4296 | D:5      | Identified the +0 robe of Limitation {Drain Fly Will+ SInv}
  4301 | D:5      | Found a sparkling altar of Nemelex Xobeh.
  4344 | D:5      | Reached XP level 8. HP: 67/67 MP: 2/8
  4504 | D:5      | Found a white marble altar of Elyvilon.
  4758 | D:6      | Reached skill level 5 in Fighting
  4986 | D:6      | Reached skill level 11 in Axes
  5113 | D:6      | Noticed Prince Ribbit
  5182 | D:6      | Killed Prince Ribbit
  5183 | D:6      | Reached XP level 9. HP: 31/78 MP: 6/9
  5554 | D:7      | Found a hazy altar of Hepliaklqana.
  5688 | D:7      | Reached skill level 5 in Armour
  5777 | D:7      | Noticed Duvessa
  5806 | D:7      | Killed Duvessa
  5830 | D:7      | Noticed Dowan
  5848 | D:7      | Killed Dowan
  5888 | D:7      | Reached skill level 5 in Dodging
  5979 | D:7      | Reached skill level 12 in Axes
  6162 | D:7      | Reached skill level 1 in Shields
  6314 | D:7      | You fall into a shaft and drop 2 floors!
  6322 | D:9      | Noticed a troll
  6358 | D:9      | Noticed a troll
  6371 | D:9      | Found a runed translucent door.
  6372 | D:9      | Noticed an ice dragon
  6372 | D:9      | Noticed a fire dragon
  6372 | D:9      | Noticed a fire dragon
  6373 | D:9      | Noticed an ice dragon
  6373 | D:9      | Noticed Pikel
  6375 | D:9      | Found the +2 shield of Resistance {rF++ rC++ Will++}
  6392 | D:9      | Found a runed translucent door.
  6395 | D:9      | Reached XP level 10. HP: 30/88 MP: 6/10
  6577 | D:8      | Noticed Grum
  6595 | D:8      | Killed Grum
  6668 | D:7      | Found a staircase to the Ecumenical Temple.
  6738 | Temple   | Entered the Ecumenical Temple
  7540 | D:8      | Identified a scroll of acquirement
  7552 | D:8      | Found an iron altar of Okawaru.
  7552 | D:8      | Found a shadowy altar of Dithmenos.
  7575 | D:8      | Found an ornate altar of the Wu Jian Council.
  7577 | D:8      | Found a stormy altar of Qazlal.
  7579 | D:8      | Found a basalt altar of Yredelemnul.
  7623 | D:8      | Reached skill level 13 in Axes
  7661 | D:8      | Became a worshipper of Qazlal Stormbringer
  7661 | D:8      | Reached * piety under Qazlal
  7661 | D:8      | Reached ** piety under Qazlal
  7665 | D:8      | Acquired the +1 crystal plate armour of the Rescuing Gods
                  | {rElec rPois rF+}
  7705 | D:8      | Noticed Joseph
  7730 | D:8      | Killed Joseph
  7839 | D:8      | Found an opulent altar of Gozag.
  8206 | D:8      | Reached skill level 1 in Invocations
  8255 | D:8      | Reached XP level 11. HP: 73/97 MP: 7/12
  8312 | D:8      | Killed Pikel
  8358 | D:9      | Reached skill level 5 in Shields
  8849 | D:10     | Entered Level 10 of the Dungeon
  8909 | D:10     | Reached *** piety under Qazlal
  9146 | D:10     | Found a staircase to the Orcish Mines.
  9340 | D:10     | Found a burning altar of Makhleb.
  9514 | D:10     | Noticed Josephine
  9619 | D:10     | Noticed a boulder beetle
  9652 | D:10     | Found a transporter.
  9704 | D:10     | Found a transporter.
  9788 | D:10     | Noticed testman's ghost (journeyman FoHu)
  9924 | D:11     | Reached skill level 10 in Fighting
  9939 | D:11     | Noticed a deep elf pyromancer
  9973 | D:11     | Reached skill level 14 in Axes
 10003 | D:11     | Noticed a deep elf pyromancer
 10026 | D:11     | Killed a deep elf pyromancer
 10027 | D:11     | Reached skill level 5 in Invocations
 10105 | D:11     | Reached **** piety under Qazlal
 10117 | D:11     | Noticed a sixfirhy
 10159 | D:11     | Noticed a deep elf pyromancer
 10207 | D:11     | Reached XP level 12. HP: 107/107 MP: 8/15
 10422 | D:11     | Noticed Nergalle
 10428 | D:11     | Killed Nergalle
 10525 | Abyss:2  | Cast into level 2 of the Abyss (a wizard)
 10659 | Abyss:2  | Noticed a green death
 10673 | Abyss:2  | Killed a green death
 10750 | Abyss:2  | Noticed an Executioner
 10757 | Abyss:2  | Noticed a wretched star
 10869 | Abyss:2  | Noticed a wretched star
 10877 | Abyss:2  | Gained mutation: You have hidden genetic potential. [a
                  | neqoxec]
 10902 | Abyss:2  | Killed a wretched star
 10965 | Abyss:2  | Noticed a wretched star
 10980 | Abyss:2  | Noticed a rakshasa
 10992 | Abyss:2  | Noticed a tentacled starspawn
 10992 | Abyss:2  | Noticed a death knight
 11003 | Abyss:2  | Slain by a juggernaut zombie

Illustrated notes

Levels and vault maps discovered:
D:1:      kennysheep_arrival_seaside, layout_basic,
          dreamdust_ecumenical_altar_hidden_monk_grotto
D:2:      layout_loops_ring
D:3:      layout_loops_ring, tso_altar, mainiacjoe_overflow_catwalk,
          hangedman_decor_riveting
D:4:      layout_basic, nzn_overflow_gifts_of_might_and_magic
D:5:      layout_loops_ring, mainiacjoe_overflow_alcove_2,
          nicolae_elyvilon_temple_path, zin_purify, serial_aquarium,
          aquarium_bridge_straight [aquarium_subvault_bridge,
          aquarium_subvault_wall, aquarium_subvault_bridge,
          aquarium_subvault_wall], aquarium_window_fake,
          aquarium_window_corridor_2, aquarium_window_1, aquarium_view_2d,
          aquarium_balcony_3a, aquarium_pool_1
D:6:      layout_rooms, chequers_garden, uniq_prince_ribbit1
D:7:      layout_cave_pools, nicolae_hepliaklqana_hazy_memory,
          minmay_temple_entry_purple_smoke, serial_gnoll_camp,
          gnoll_camp_huts_moat, gnoll_camp_mini_basic, gnoll_camp_mini_hut,
          gnoll_camp_medium_02, gnoll_camp_mini_hut, uniq_duvessa
D:8:      layout_loops_cross, mainiacjoe_overflow_tiny_flanked,
          chequers_temple_overflow_minitemple, minmay_misc_feat_nine_boxes,
          hangedman_decor_peaks_small, minmay_crystal_water, lightli_minifort,
          uniq_joseph, uniq_grum
D:9:      layout_big_octagon, serial_column_ruins, column_ruins_hut_ruined,
          column_ruins_corridor_T, column_ruins_corridor_corner,
          column_ruins_open_tiny, column_ruins_columns_corner,
          column_ruins_corridor_straight, minmay_guarded_unrand_resistance,
          uniq_pikel
D:10:     layout_basic, lemuel_crystal_altar, orc_0_dummy, nzn_ghost_randoct,
          uniq_josephine
D:11:     cheibrodos_lost_city_excavation, layout_basic, erik_lair_dragon,
          minivault_26, uniq_nergalle
Temple:   nicolae_temple_bog_church
Abyss:2:  base: D:7, evilmike_abyss_exit_vortex

Skill      XL: |  1  2  3  4  5  6  7  8  9 10 11 12 |
---------------+-------------------------------------+-----
Axes           | 5 6 8 9 10 11 12 13 14 | 14.7
Fighting       | 4 6 7 9 10 11 | 11.0
Armour         | 2 4 6 7 8 9 |  9.5
Dodging        | 3 4 5 6 7 |  7.8
Shields        | 2 4 6 7 |  7.3
Invocations    | 1 5 6 |  6.9
Stealth        | |  1.5

Action                   |  1- 3 |  4- 6 |  7- 9 | 10-12 || total
-------------------------+-------+-------+-------+-------++-------
Melee: Hand axe          |   105 |   183 |       |       ||   288
       War axe           |       |    30 |   465 |   869 ||  1364
       Punch             |       |       |    10 |       ||    10
  Use: Scroll            |     5 |     6 |    10 |    10 ||    31
       Potion            |       |     1 |     1 |       ||     2
 Stab: Sleeping          |     1 |       |       |       ||     1
Armor: Robe              |     5 |       |       |       ||     5
       Chain mail        |    64 |   151 |    73 |       ||   288
       Plate armour      |       |       |   312 |   186 ||   498
       Crystal plate arm |       |       |       |   572 ||   572
Dodge: Dodged            |    34 |    69 |   155 |   174 ||   432
       Repelled          |       |       |       |     2 ||     2
Block: Buckler           |       |       |    33 |   418 ||   451

Table legend: (Time is in decaauts)
 A = Elapsed time spent in this place.
 B = Non-inter-level travel time spent in this place.
 C = Inter-level travel time spent in this place.
 D = Time resting spent in this place.
 E = Time spent auto-exploring this place.
 F = Levels seen in this place.
 G = Mean time per level.
                   A        B        C        D        E       F      G
               +--------+--------+--------+--------+--------+-----+--------+
         Total |  10890 |  10386 |    504 |    482 |   6947 |  13 |  837.7 |
       Dungeon |  10254 |   9775 |    479 |    482 |   6535 |  11 |  932.2 |
        Temple |    180 |    156 |     24 |      0 |    148 |   1 |  180.0 |
         Abyss |    455 |    455 |      0 |      0 |    263 |   1 |  455.0 |
               +--------+--------+--------+--------+--------+-----+--------+

Top non-repeatable levels by time:
     D:7: 1404 daAuts
     D:8: 1214 daAuts
     D:5: 1132 daAuts
     D:1: 1046 daAuts
     D:4: 1005 daAuts
     D:3: 996 daAuts
    D:10: 985 daAuts
     D:9: 693 daAuts
     D:6: 602 daAuts
    D:11: 591 daAuts
     D:2: 582 daAuts
 Abyss:2: 455 daAuts
  Temple: 180 daAuts
